 Dungeon Crawl Stone Soup version 0.31-a0-339-gda1cbd555d (webtiles) character file.

Game seed: 5145643409302009899

53 Newt the Shooter (level 4, -1/30 HPs)
             Began as a Kobold Hunter on July 20, 2023.
             Succumbed to Sigmund's poison
             ... on level 2 of the Dungeon.
             The game lasted 00:01:09 (1365 turns).

Newt the Shooter (Kobold Hunter)                    Turns: 1365, Time: 00:01:10

Health: -1/30      AC:  3    Str:  8    XL:     4   Next: 10%
Magic:  4/4        EV: 14    Int: 10    God:
Gold:   52         SH:  0    Dex: 20    Spells: 3/3 levels left

rFire   . . .        a - +0 shortbow
rCold   + . .        (shield currently unavailable)
rNeg    . . .        c - +0 leather armour
rPois   .            (no helmet)
rElec   .            (no cloak)
rCorr   .            (no gloves)
SInv    .            (no boots)
Will    .....        (no amulet)
Stlth   +++          e - ring of protection from cold
HPRegen 0.25/turn    (no ring)
MPRegen 0.09/turn

%: no passive effects
@: lethally poisoned (-1 -> -12)
A: small, no large weapons, nightstalker 3
a: no special abilities


You were on level 2 of the Dungeon.
You visited 1 branch of the dungeon, and saw 2 of its levels.

You collected 52 gold pieces.

Inventory:

Hand Weapons
 a - a +0 shortbow (weapon)
Armour
 c - a +0 leather armour (worn)
Jewellery
 e - a ring of protection from cold (left hand)
Scrolls
 b - a scroll of butterflies
 d - a scroll of identify {unknown}
 f - a scroll of poison {unknown}


   Skills:
 + Level 4.5 Fighting
 - Level 5.3 Ranged Weapons
 - Level 2.4 Dodging
 - Level 1.3 Stealth


You had 3 spell levels left.
You didn't know any spells.
Your spell library contained the following spells:

 Spells                   Type           Power      Damage    Failure   Level
 Slow                     Hex            0%         N/A       50%         1
 Confusing Touch          Hex            0%         N/A       86%         3
 Vampiric Draining        Necr           0%         2d6       86%         3


Dungeon Overview and Level Annotations

Branches:
Dungeon (2/15)

Altars:


Innate Abilities, Weirdness & Mutations

You are small and have problems with some larger weapons.
You are completely attuned to the shadows.


Message History

You bump into the crystal wall.
* * * LOW HITPOINT WARNING * * *
You feel very sick. The endoplasm freezes you.
You are frozen.
You resist.
* * * LOW HITPOINT WARNING * * *
Sigmund closely misses you.
It was a potion of curing.
You feel better. The endoplasm freezes you.
You are frozen.
You resist.
* * * LOW HITPOINT WARNING * * *
The endoplasm attacks as you move away!
The endoplasm hits you but does no damage.
Sigmund casts a spell.
Sigmund flickers and vanishes!
Deactivating autopickup; reactivate with Ctrl-A.
You hear a shout!
The endoplasm attacks as you move away! The endoplasm barely misses you.
You are too injured to fight recklessly!
You are too injured to fight recklessly!
Fire: a) +0 shortbow
Press: ? - help, Shift-Dir - straight line, p - endoplasm You shoot an arrow.
The arrow hits the endoplasm.
You kill the endoplasm!
Unknown command.
Unknown command.
Fire: a) +0 shortbow
Press: ? - help, Shift-Dir - straight line You shoot an arrow.
Something hits you.
* * * LOW HITPOINT WARNING * * *
You are lethally poisoned!
Unknown command.
Unknown command.
Unknown command.
Fire: a) +0 shortbow
Press: ? - help, Shift-Dir - straight line You shoot an arrow.
Reactivating autopickup.
You feel a bit more experienced.
You die...

##.)..#
#+##÷..P≈≈
####.#
.....†~~≈
###...#
....<.)≈≈
##.....#
.......≈≈
...# #......#
####..~≈≈
....##..###.#
#..~≈≈
....#...###.#
#..#≈≈
....#...##..#
.......).@..#
#############


There were no monsters in sight!

Vanquished Creatures
  Sigmund (D:2)
  3 adders (D:2)
  A worm (D:2)
  5 endoplasms
  2 giant cockroaches (D:1)
  A goblin (D:2)
  A kobold (D:1)
  4 quokkas
  4 ball pythons (D:1)
  A frilled lizard (D:1)
23 creatures vanquished.

Notes
Turn   | Place    | Note
-------+----------+-------------------------------------------
     0 | D:1      | Newt the Kobold Hunter began the quest for the Orb.
     0 | D:1      | Reached XP level 1. HP: 12/12 MP: 1/1
   230 | D:1      | Reached XP level 2. HP: 18/18 MP: 2/2
  1007 | D:2      | Reached XP level 3. HP: 7/24 MP: 3/3
  1255 | D:2      | Reached XP level 4. HP: 30/30 MP: 4/4
  1346 | D:2      | Noticed Sigmund
  1356 | D:2      | HP: 1/30 [frozen (2)]
  1365 | D:2      | Killed Sigmund
  1365 | D:2      | Succumbed to Sigmund's poison

Illustrated notes

Levels and vault maps discovered:
D:1:      giann_forest_graveyard, layout_loops_corners,
          minmay_shallow_snake_nest
D:2:      minmay_recursive_quarters, layout_basic, basic_altar,
          chequers_big_river, dk_vineyard_1, serial_park_tiny_1,
          grunt_decor_clamped, st_stairs_11, serial_bayou_pond_d, uniq_sigmund,
          uniq_terence

Skill      XL: |  1  2  3 |
---------------+----------+-----
Fighting       | 3 4 |  4.5
Ranged Weapons | |  5.3
Dodging        | |  2.4
Stealth        | |  1.3

Action                     |  1- 3 |  4- 6 || total
---------------------------+-------+-------++-------
   Fire: Shortbow          |    64 |    13 ||    77
    Use: Scroll            |     2 |       ||     2
         Potion            |       |     1 ||     1
 Armour: Leather armour    |     5 |     1 ||     6
  Dodge: Dodged            |    23 |     8 ||    31

Table legend: (Time is in decaauts)
 A = Elapsed time spent in this place.
 B = Non-inter-level travel time spent in this place.
 C = Inter-level travel time spent in this place.
 D = Time resting spent in this place.
 E = Time spent auto-exploring this place.
 F = Levels seen in this place.
 G = Mean time per level.
                   A        B        C        D        E       F      G
               +--------+--------+--------+--------+--------+-----+--------+
         Total |   1378 |   1355 |     23 |    189 |   1025 |   2 |  689.0 |
       Dungeon |   1378 |   1355 |     23 |    189 |   1025 |   2 |  689.0 |
               +--------+--------+--------+--------+--------+-----+--------+

Top non-repeatable levels by time:
     D:1: 1005 daAuts
     D:2: 373 daAuts
